 Dungeon Crawl Stone Soup version 0.22.1-1-ga44c0e5 (webtiles) character file.

242 tifemel the Chopper (level 5, -5/72 HPs)
             Began as a Minotaur Berserker on Sept 25, 2018.
             Was a Believer of Trog.
             Slain by a gnoll
             ... wielding a +0 halberd
              (13 damage)
             ... on level 2 of the Dungeon.
             The game lasted 00:04:24 (958 turns).

tifemel the Chopper (Minotaur Berserker)             Turns: 958, Time: 00:04:24

Health: -5/72      AC:  0    Str: 27    XL:     5   Next: 82%
Magic:  4/4        EV: 13    Int:  4    God:    Trog [**....]
Gold:   42         SH:  0    Dex: 10    Spells: 4/4 levels left

rFire    . . .     SeeInvis .   a - +0 hand axe
rCold    . . .     Gourm    .   (no shield)
rNeg     . . .     Faith    .   (no armour)
rPois    .         Spirit   .   (helmet restricted)
rElec    .         Reflect  .   (no cloak)
rCorr    .         Harm     .   (no gloves)
MR       ++...                  (no boots)
Stlth    ..........             (no amulet)
HPRegen  1.22/turn              (no ring)
MPRegen  0.09/turn              (no ring)

@: berserking, regenerating, very quick
A: retaliatory headbutt, horns 2
a: Berserk, Trog's Hand, Renounce Religion


You were on level 2 of the Dungeon.
You worshipped Trog.
Trog was pleased with you.
You were very hungry.

You visited 1 branch of the dungeon, and saw 2 of its levels.

You collected 42 gold pieces.

Inventory:

Hand Weapons
 a - a +0 hand axe (weapon)
Armour
 b - a +0 animal skin
 d - a +0 ring mail
Scrolls
 f - 2 scrolls of identify {unknown}
 g - a scroll of teleportation {unknown}
 h - 2 scrolls of remove curse {unknown}
 i - 3 scrolls of amnesia {unknown}
 j - 2 scrolls of random uselessness {unknown}
Potions
 e - a potion of haste {unknown}
Comestibles
 c - 3 rations


   Skills:
 + Level 5.0 Fighting
 + Level 6.1 Axes
 + Level 3.0 Armour
 + Level 3.4 Dodging
 + Level 0.3 Stealth


You had 4 spell levels left.
You didn't know any spells.
Your spell library was empty.

Dungeon Overview and Level Annotations

Branches:
Dungeon (2/15)

Altars:
Nemelex Xobeh


Innate Abilities, Weirdness & Mutations

You reflexively headbutt those who attack you in melee.
You have a pair of horns on your head.


Message History

* * * LOW HITPOINT WARNING * * *
The gnoll hits you with a spear.
* * * LOW HITPOINT WARNING * * *
You slash the gnoll!
You kill the gnoll!
Trog accepts your kill.
Your Axes skill increases to level 6!
You barely miss the bat. The bat closely misses you.
The gnoll closely misses you. The gnoll misses you.
The gnoll hits you with a spear!
* * * LOW HITPOINT WARNING * * *
Things that are here:
a spear; a gnoll corpse You hit the gnoll.
The gnoll is heavily wounded.
You hit the bat.
You kill the bat!
Trog accepts your kill. The gnoll hits you with a halberd!
You die...

...... ( .....
....... .......
....... ##### .
..#..#.###......#.
......gr...# #.....
#.#.@g.# ##..#..
##...†)###)..##>#
.......#)#...# ..#
#.##...))(..## #..#
.........##?.##..#
...#..#####.....#####
######### ##†).....$.
##8## #.?.....[.
#..##
8...8##.........


You could see 2 gnolls and a rat.

Vanquished Creatures
  Sigmund (D:2)
  Natasha (D:2)
  A gnoll (D:2)
  An adder (D:2)
  A dart slug (D:1)
  A giant cockroach (D:2)
  10 goblins
  6 hobgoblins
  7 jackals
  A quokka (D:2)
  5 bats
  4 frilled lizards
  5 kobolds
44 creatures vanquished.

Notes
Turn   | Place    | Note
-------+----------+-------------------------------------------
     0 | D:1      | tifemel the Minotaur Berserker began the quest for the Orb.
     0 | D:1      | Reached XP level 1. HP: 19/19 MP: 0/0
   164 | D:1      | Reached skill level 4 in Axes
   164 | D:1      | Reached XP level 2. HP: 24/27 MP: 1/1
   640 | D:2      | Noticed Sigmund
   646 | D:2      | Reached XP level 3. HP: 32/33 MP: 2/2
   652 | D:2      | Killed Sigmund
   652 | D:2      | Reached skill level 5 in Fighting
   652 | D:2      | Reached skill level 5 in Axes
   652 | D:2      | Reached XP level 4. HP: 41/42 MP: 3/3
   652 | D:2      | Reached XP level 5. HP: 47/48 MP: 4/4
   652 | D:2      | Reached ** piety under Trog
   920 | D:2      | Found a sparkling altar of Nemelex Xobeh.
   922 | D:2      | Noticed Natasha
   926 | D:2      | Killed Natasha
   955 | D:2      | Reached skill level 6 in Axes
   958 | D:2      | Slain by a gnoll

Skill      XL: |  1  2  3  4  5 |
---------------+----------------+-----
Axes           | 4 5 6 |  6.1
Fighting       | 4 5 |  5.0
Armour         | 3 |  3.0
Dodging        | 3 |  3.4
Stealth        | |  0.3

Action                   |  1- 3 |  4- 6 || total
-------------------------+-------+-------++-------
Melee: Hand axe          |    49 |    29 ||    78
       Headbutt          |     4 |     4 ||     8
Invok: Berserk           |     1 |     1 ||     2
       Trog's Hand       |       |     1 ||     1
  Eat: Chunk             |       |     1 ||     1
Dodge: Dodged            |    41 |    32 ||    73
